 Dungeon Crawl Stone Soup version 0.21.1-1-g345015f (webtiles) character file.

158499 aMcNicky the Bludgeoner (level 17, -1/159 HPs)
             Began as a Hill Orc Monk on Apr 1, 2018.
             Was an Elder of Qazlal.
             Slain by a naga warrior
             ... wielding a +0 dire flail
              (6 damage)
             ... on level 4 of the Snake Pit.
             The game lasted 01:38:43 (31417 turns).

aMcNicky the Bludgeoner (Hill Orc Monk)            Turns: 31417, Time: 01:38:44

Health: -1/159     AC: 34    Str: 16    XL:     17   Next: 72%
Magic:  0/26       EV:  8    Int: 10    God:    Qazlal [****..]
Gold:   2209       SH:  5    Dex: 13    Spells: 16/16 levels left

rFire    . . .     SeeInvis +   X - -1 mace of Variability {chaos}
rCold    . . .     Gourm    .   (shield currently unavailable)
rNeg     . . .     Faith    +   k - +1 plate armour {MR+}
rPois    +         Spirit   .   y - +2 helmet
rElec    .         Reflect  .   s - +1 cloak
rCorr    .         Harm     .   C - +1 pair of gloves
MR       +....                  t - +2 pair of boots
Stlth    ..........             V - amulet of faith
HPRegen  0.36/turn              j - +4 ring of protection
MPRegen  0.20/turn              b - ring of the Circus Animal {rPois MR- Str-5 Slay+5 SInv}

@: lethally poisoned (-1 -> -20), about to teleport, repel missiles
A: low mp 1
a: Upheaval, Elemental Force, Renounce Religion


You were on level 4 of the Snake Pit.
You worshipped Qazlal.
Qazlal was greatly pleased with you.
You were not hungry.

You visited 5 branches of the dungeon, and saw 28 of its levels.
You also visited: Ossuary.

You collected 2469 gold pieces.
You spent 260 gold pieces at shops.

Inventory:

Hand Weapons
 T - a +4 hand axe
 X - the -1 mace of Variability (weapon) {chaos}
   (You found it on level 10 of the Dungeon)

   Each time it hits an enemy it has a different, random effect.
Missiles
 A - 3 throwing nets (quivered)
Armour
 k - a +1 plate armour of magic resistance (worn)
 s - a +1 cloak (worn)
 t - a +2 pair of boots (worn)
 y - a +2 helmet (worn)
 C - a +1 pair of gloves (worn)
Jewellery
 a - an uncursed amulet of regeneration
 b - the ring of the Circus Animal (right hand) {rPois MR- Str-5 Slay+5 SInv}
   (You took it off a kobold demonologist on level 11 of the Dungeon)

   [ring of poison resistance]

   It affects your strength (-5).
   It affects your accuracy and damage with ranged weapons and melee attacks
   (+5).
   It protects you from poison.
   It affects your resistance to hostile enchantments.
   It lets you see invisible.
 j - a +4 ring of protection (left hand)
 V - an amulet of faith (around neck)
 Y - an uncursed ring of flight
Wands
 l - a wand of iceblast (9)
 w - a wand of paralysis (66)
 z - a wand of flame (36)
 L - a wand of disintegration (12)
 W - a wand of clouds (5)
Scrolls
 d - 2 scrolls of immolation
 e - a scroll of holy word
 f - 6 scrolls of amnesia
 h - 15 scrolls of remove curse {@r2}
 i - 2 scrolls of enchant armour
 m - 7 scrolls of enchant weapon
 n - 4 scrolls of magic mapping
 r - 4 scrolls of fear
 u - 2 scrolls of identify {@r1}
 F - 6 scrolls of teleportation
 G - a scroll of summoning
 I - a scroll of silence
 K - 2 scrolls of blinking
 P - 2 scrolls of fog
Potions
 o - 9 potions of curing {@q1}
 p - a potion of brilliance
 q - 4 potions of magic
 v - 3 potions of berserk rage
 x - 5 potions of flight
 B - 4 potions of mutation
 E - 3 potions of ambrosia
 H - 2 potions of might
 J - 11 potions of lignification
 M - 4 potions of resistance
 N - 3 potions of agility
 Q - 2 potions of invisibility
 S - a potion of cancellation
 U - 3 potions of haste
 Z - 2 potions of heal wounds
Comestibles
 c - 39 rations


   Skills:
 + Level 16.5 Fighting
 - Level 14.6(19.0) Axes
 * Level 17.4(18.7) Maces & Flails
 + Level 15.0 Armour
 + Level 5.0 Dodging
 - Level 1.5 Stealth
 + Level 16.2 Invocations


You had 16 spell levels left.
You didn't know any spells.

Dungeon Overview and Level Annotations

Branches:
Dungeon (15/15)            Temple (1/1) D:6            Lair (6/6) D:11
  Swamp (0/4) Lair:4        Snake (4/4) Lair:4        Slime (0/5) Lair:5
    Orc (2/2) D:10            Elf (0/3) Orc:2        Vaults (0/5) D:13
 Depths (0/5) D:15

Altars:
Ashenzari
Cheibriados
Elyvilon
Fedhas
Gozag
Hepliaklqana
Kikubaaqudgha
Makhleb
Okawaru
Qazlal
Ru
Trog
Vehumet
Wu Jian
Xom
Yredelemnul
Zin
The Shining One
Beogh

Shops:
D:4 [[%   D:10 ?   Orc:2 (=[*(

Annotations:
Snake:1 exclusion: Roxanne, Roxanne


Innate Abilities, Weirdness & Mutations

Your magical capacity is low. (-10% MP)


Message History

As you read the scroll of teleportation, it crumbles to dust.
You feel strangely unstable.
You feel sick.
You hear a shout! x6
* * * LOW HITPOINT WARNING * * *
You are more poisoned.
The nagaraja spits poison at you. The splash of poison misses you.
The mana viper bites you.
* * * LOW HITPOINT WARNING * * *
You feel your power leaking away.
The shock serpent shoots out a bolt of lightning at you!
The bolt of electricity hits you!
* * * LOW HITPOINT WARNING * * *
The bolt of electricity hits you!
* * * LOW HITPOINT WARNING * * *
The bolt of electricity hits the shock serpent.
The shock serpent completely resists.
The naga warrior hits you from afar with a halberd!
* * * LOW HITPOINT WARNING * * *
The naga warrior hits you with a dire flail.
You die...

).......##[..##...# ##.#....#
...........# #...###......######
........#######.#..##.........#..
........# #.....#....#....†.....
...#....## #.....§§...#...(......
.).#.....# #.......N)N.N..N.)....
..(###.#.###...)§§)[N.#..N.......
[............NN)SN.NN............
...###.#..[..§NN@SN##....N.....NN
...# #N#......N############...##.
...........N§[(# ..N....
.###....#....).# ......
...#...##.....$# ........
##.#..N##.....## ##.............
...............# ###.......


You could see 5 naga warriors, 3 nagarajas, a naga sharpshooter, 2 naga
ritualists, a shock serpent, a mana viper and 3 naga magi.

Vanquished Creatures
  Rupert (Lair:6)
  Frances (D:14)
  Donald (Snake:1)
  A nagaraja (Snake:3)
  An orc warlord (Orc:2)
  A dire elephant (D:15)
  The ghost of aMcNicky the Severer, a journeyman MiFi of Uskayaw (Lair:2)
  An ettin (Orc:1)
  A fire dragon (Lair:6)
  12 hydras
  A vault guard (D:13)
  5 centaur warriors
  9 naga warriors
  8 anacondas
  A two-headed ogre (Orc:1)
  A death knight (D:13)
  A catoblepas (D:13)
  2 tengu warriors (D:14)
  5 death yaks (Lair:5)
  The ghost of Agrougrou the Cleaver, a novice FoFi of Okawaru (D:6)
  3 orc high priests (Orc:2)
  4 shock serpents
  Nergalle (D:11)
  A deep elf knight (D:15)
  Urug (D:13)
  3 naga sharpshooters
  3 skeletal warriors (D:12)
  2 salamander mystics
  An unseen horror (D:14)
  7 naga ritualists
  A swamp dragon (Lair:6)
  A phantasmal warrior (D:12)
  4 orc knights
  5 deep elf magi
  4 orc sorcerers
  2 wolf spiders
  2 manticores
  21 ugly things
  11 mana vipers
  An oklob plant (Lair:5)
  14 salamanders
  5 cyclopes
  5 guardian serpents
  20 naga magi
  9 elephants
  43 black mambas
  2 gargoyles
  A torpor snail (Lair:5)
  4 kobold demonologists
  5 komodo dragons
  A yaktaur (shapeshifter) (D:12)
  A yaktaur (Lair:6)
  11 spiny frogs
  3 rime drakes (Lair:6)
  A freezing wraith (D:12)
  4 hornets
  7 trolls
  Grinder (D:5)
  A tyrant leech (Lair:4)
  5 blink frogs (Lair:6)
  9 hippogriffs
  12 dream sheep
  2 redbacks (Lair:6)
  3 humans
  2 shadows
  16 wyverns
  47 yaks
  2 hogs (D:7)
  2 wraiths
  3 hungry ghosts
  4 chaos spawn (D:10)
  4 basilisks
  4 steam dragons
  2 swamp worms (Lair:4)
  30 nagas
  2 acid dragons
  7 porcupines
  4 wargs
  15 water moccasins
  2 hell hounds (D:11)
  28 orc warriors
  2 ice beasts
  2 sky beasts
  A black bear (shapeshifter) (D:10)
  3 black bears
  An eye of draining (D:11)
  4 phantoms
  18 ogres
  34 centaurs
  13 crocodiles
  A big kobold (D:13)
  Blork the orc (D:5)
  14 bullfrogs
  A water moccasin zombie (D:10)
  2 wyvern skeletons
  3 scorpions
  4 killer bees (D:10)
  19 wights
  2 howler monkeys
  An electric eel (Lair:3)
  A bullfrog zombie (D:11)
  4 crimson imps
  2 quasits
  3 centaur zombies
  13 orc priests
  7 hounds
  4 jellies
  2 bullfrog skeletons
  21 orc wizards
  4 centaur skeletons
  3 iguanas
  Ijyb (D:5)
  11 worker ants
  2 hell rats (Lair:6)
  A hound skeleton (D:5)
  4 mummies
  A howler monkey zombie (D:8)
  6 adders
  6 river rats (Lair:6)
  2 shadow imps
  12 white imps (Lair:6)
  An ooze (D:6)
  An adder zombie (D:6)
  An adder skeleton (D:7)
  A worm (D:3)
  3 dart slugs
  6 leopard geckos
  76 orcs
  A ball python (D:1)
  2 giant cockroaches
  2 goblins (D:2)
  3 hobgoblins (D:3)
  6 jackals
  4 kobolds
  4 quokkas
  7 bats
  A frilled lizard (D:3)
  2 gnoll zombies (Ossuary)
  A goblin zombie (Ossuary)
  5 hobgoblin zombies (Ossuary)
  A jackal skeleton (D:6)
  A kobold zombie (Ossuary)
  A leopard gecko skeleton (D:6)
  10 rats
  A butterfly (Lair:3)
  A fungus (Orc:2)
  2 plants (Lair:6)
856 creatures vanquished.

Vanquished Creatures (collateral kills)
  A nagaraja (Snake:4)
  2 naga warriors (Snake:4)
  A two-headed ogre (D:10)
  A salamander (Snake:4)
  A black mamba (Lair:1)
  A naga mage (Snake:1)
7 creatures vanquished.

Vanquished Creatures (others)
  A salamander mystic (Snake:4)
  An ugly thing (D:15)
  A troll (D:9)
  A yak (Lair:2)
  A naga (Snake:4)
  A hobgoblin zombie (Ossuary)
  9 fungi
  15 plants
30 creatures vanquished.

Grand Total: 893 creatures vanquished

Notes
Turn   | Place    | Note
-------+----------+-------------------------------------------
     0 | D:1      | aMcNicky the Hill Orc Monk began the quest for the Orb.
     0 | D:1      | Reached XP level 1. HP: 19/19 MP: 1/1
   494 | D:1      | Reached XP level 2. HP: 25/27 MP: 2/2
   859 | D:2      | Reached skill level 1 in Armour
   859 | D:2      | Reached XP level 3. HP: 31/33 MP: 3/3
   878 | D:2      | Reached skill level 5 in Axes
  1054 | D:2      | Found a shattered altar of Ashenzari.
  1437 | D:2      | Found a bloodstained altar of Trog.
  1584 | D:3      | Found a glowing silver altar of Zin.
  1717 | D:3      | Reached XP level 4. HP: 38/40 MP: 4/4
  2437 | D:3      | Noticed a phantom
  2489 | D:3      | Killed a phantom
  2489 | D:3      | Reached XP level 5. HP: 16/47 MP: 5/5
  2857 | D:4      | Reached skill level 5 in Fighting
  2857 | D:4      | Reached XP level 6. HP: 46/56 MP: 6/6
  2980 | D:4      | Found Jetarch's Armour Boutique.
  2985 | D:4      | Found a burning altar of Makhleb.
  3001 | D:4      | Bought a +0 helmet for 58 gold pieces
  3057 | D:4      | Found Vyabeij's Antique Armour Shoppe.
  3358 | D:4      | Reached XP level 7. HP: 59/61 MP: 7/7
  3505 | D:4      | Found Zoiza's Food Emporium.
  3728 | D:5      | Entered Level 5 of the Dungeon
  3764 | D:5      | Noticed Grinder
  3870 | D:5      | Paralysed by Grinder for 5 turns
  3938 | D:5      | Paralysed by Grinder for 7 turns
  4064 | D:5      | Paralysed by Grinder for 7 turns
  4086 | D:5      | Killed Grinder
  4404 | D:5      | Reached XP level 8. HP: 58/71 MP: 8/8
  4560 | D:5      | Noticed Ijyb
  4564 | D:5      | Killed Ijyb
  4591 | D:5      | Found a sacrificial altar of Ru.
  4613 | D:5      | Noticed Blork the orc
  4640 | D:5      | Killed Blork the orc
  5017 | D:6      | Reached skill level 5 in Armour
  5024 | D:6      | Reached skill level 10 in Axes
  5299 | D:6      | Noticed Agrougrou's ghost (novice FoFi)
  5351 | D:6      | Killed Agrougrou's ghost
  5351 | D:6      | Reached XP level 9. HP: 49/81 MP: 9/9
  5615 | D:6      | Found a glowing golden altar of the Shining One.
  5749 | D:6      | Found a radiant altar of Vehumet.
  5782 | D:6      | Found a staircase to the Ecumenical Temple.
  5934 | Temple   | Entered the Ecumenical Temple
  5956 | Temple   | Became a worshipper of Qazlal Stormbringer
  5956 | Temple   | Reached * piety under Qazlal
  5956 | Temple   | Reached ** piety under Qazlal
  6122 | D:6      | Found a blossoming altar of Fedhas.
  6284 | D:7      | Reached skill level 1 in Invocations
  6500 | D:7      | Reached XP level 10. HP: 37/90 MP: 7/12
  6944 | D:8      | Found a sand-covered staircase.
  6965 | Ossuary  | Entered an ossuary
  7716 | D:8      | Found an ornate altar of the Wu Jian Council.
  7778 | D:8      | Reached *** piety under Qazlal
  7783 | D:8      | Reached skill level 5 in Invocations
  7970 | D:8      | Found a hazy altar of Hepliaklqana.
  7970 | D:8      | Found a faded altar of an unknown god.
  7975 | D:8      | Found a shimmering altar of Xom.
  7977 | D:8      | Found a faded altar of an unknown god.
  7979 | D:8      | Found a basalt altar of Yredelemnul.
  8604 | D:9      | Found an opulent altar of Gozag.
  9696 | D:10     | Entered Level 10 of the Dungeon
  9873 | D:10     | Noticed a two-headed ogre
  9880 | D:10     | Killed a two-headed ogre
  9880 | D:10     | Reached skill level 10 in Fighting
  9880 | D:10     | Reached XP level 11. HP: 99/99 MP: 8/15
 10074 | D:10     | Found a staircase to the Orcish Mines.
 10418 | D:10     | Found a shimmering altar of Xom.
 10419 | D:10     | Found the +10 mace of Variability {chaos}
 10610 | D:10     | Reached **** piety under Qazlal
 10733 | D:10     | Reached skill level 1 in Maces & Flails
 10745 | D:10     | Found Juitowk's Magic Scroll Boutique.
 10847 | D:10     | Reached skill level 2 in Maces & Flails
 11358 | D:11     | Noticed Nergalle
 11366 | D:11     | Killed Nergalle
 11366 | D:11     | Reached skill level 3 in Maces & Flails
 11473 | D:11     | Reached skill level 4 in Maces & Flails
 11534 | D:11     | Noticed a cyclops
 11537 | D:11     | Noticed a red ugly thing
 11537 | D:11     | Killed a cyclops
 11542 | D:11     | Killed a red ugly thing
 11542 | D:11     | Reached skill level 5 in Maces & Flails
 11628 | D:11     | Found a staircase to the Lair.
 11646 | D:11     | Reached XP level 12. HP: 103/110 MP: 18/18
 11781 | D:11     | Reached skill level 6 in Maces & Flails
 12101 | D:11     | Got a shimmering ivory ring
 12155 | D:11     | Identified the ring of the Circus Animal {rPois MR- Str-5 Slay+5 SInv} (You took it off a kobold demonologist on level 11 of the Dungeon)
 12209 | Lair:1   | Entered Level 1 of the Lair of Beasts
 12223 | Lair:1   | Got a steaming bone amulet
 12224 | Lair:1   | Identified the amulet "Onuu" {RegenMP +Inv Int+4 Dex+4 SInv} (You found it on level 1 of the Lair of Beasts)
 12296 | Lair:1   | Reached skill level 10 in Armour
 12360 | Lair:1   | Reached ***** piety under Qazlal
 12737 | Lair:2   | Noticed aMcNicky's ghost (journeyman MiFi)
 12738 | Lair:2   | Reached skill level 7 in Maces & Flails
 12750 | Lair:2   | Killed aMcNicky's ghost
 12905 | Lair:2   | Reached skill level 8 in Maces & Flails
 13306 | Lair:2   | Reached skill level 10 in Invocations
 13637 | Lair:2   | Found a stormy altar of Qazlal.
 13812 | Lair:3   | Noticed an eight-headed hydra
 13829 | Lair:3   | Killed an eight-headed hydra
 13880 | Lair:3   | Noticed an eight-headed hydra
 13891 | Lair:3   | Killed an eight-headed hydra
 14086 | Lair:3   | Reached skill level 9 in Maces & Flails
 14197 | Lair:3   | Noticed a seven-headed hydra
 14204 | Lair:3   | Killed a seven-headed hydra
 14204 | Lair:3   | Reached XP level 13. HP: 83/118 MP: 20/20
 14815 | Lair:4   | Found a staircase to the Snake Pit.
 14846 | Lair:4   | Reached skill level 10 in Maces & Flails
 15376 | Lair:4   | Found a staircase to the Swamp.
 15655 | Lair:5   | Found a staircase to the Slime Pits.
 16136 | Lair:5   | Reached skill level 11 in Maces & Flails
 16732 | Lair:6   | Entered Level 6 of the Lair of Beasts
 16775 | Lair:6   | Reached XP level 14. HP: 56/129 MP: 22/22
 16796 | Lair:6   | Reached ****** piety under Qazlal
 16823 | Lair:6   | Reached skill level 12 in Maces & Flails
 17205 | Lair:6   | Noticed Rupert
 17217 | Lair:6   | Killed Rupert
 18453 | Lair:6   | Reached skill level 13 in Maces & Flails
 18991 | Orc:1    | Entered Level 1 of the Orcish Mines
 19045 | Orc:2    | Entered Level 2 of the Orcish Mines
 19045 | Orc:2    | Found a roughly hewn altar of Beogh.
 19045 | Orc:2    | Found Xufazufy's Weapon Emporium.
 19145 | Orc:2    | Found Gioshe's Jewellery Boutique.
 19147 | Orc:2    | Paralysed by an orc sorcerer for 7 turns
 19435 | Orc:2    | Noticed an orc warlord
 19446 | Orc:2    | Killed an orc warlord
 19446 | Orc:2    | Reached XP level 15. HP: 113/138 MP: 17/25
 19624 | Orc:2    | Found a staircase to the Elven Halls.
 19657 | Orc:2    | Found Tyzuk's Antique Armour Boutique.
 19665 | Orc:2    | Bought a pair of runed boots for 202 gold pieces
 19702 | Orc:2    | Found Gupakhex's General Store.
 19756 | Orc:2    | Found Pora's Antique Weapon Boutique.
 20162 | Orc:1    | Found a roughly hewn altar of Beogh.
 20183 | Orc:1    | Gained mutation: Your magical capacity is low. (-10% MP) [a neqoxec]
 20489 | D:12     | Reached skill level 14 in Maces & Flails
 21439 | D:12     | Found an iron altar of Okawaru.
 22209 | D:13     | Noticed Urug
 22219 | D:13     | Killed Urug
 22281 | D:13     | Found a gate to the Vaults.
 22451 | D:13     | Reached skill level 15 in Fighting
 22881 | D:14     | Reached skill level 15 in Maces & Flails
 22935 | D:14     | Noticed Frances
 22941 | D:14     | Reached XP level 16. HP: 74/149 MP: 13/24
 23183 | D:14     | Killed Frances
 23577 | D:15     | Entered Level 15 of the Dungeon
 24292 | D:15     | Found a staircase to the Depths.
 24458 | D:15     | Reached skill level 15 in Invocations
 24893 | Snake:1  | Entered Level 1 of the Snake Pit
 25673 | Snake:1  | Reached skill level 16 in Maces & Flails
 25914 | Snake:1  | Noticed Donald
 25924 | Snake:1  | Killed Donald
 26214 | Snake:1  | Noticed Roxanne
 28452 | Snake:3  | Noticed a nagaraja
 28459 | Snake:2  | Reached XP level 17. HP: 152/158 MP: 25/25
 29911 | Snake:4  | Entered Level 4 of the Snake Pit
 29919 | Snake:3  | Reached skill level 17 in Maces & Flails
 30808 | Snake:4  | Reached skill level 15 in Armour
 31416 | Snake:4  | Reached skill level 5 in Dodging
 31417 | Snake:4  | HP: 5/159 [naga warrior/halberd (8)]
 31417 | Snake:4  | Slain by a naga warrior

Skill      XL: |  1  2  3  4  5  6  7  8  9 10 11 12 13 14 15 16 17 |
---------------+----------------------------------------------------+-----
Fighting       | 4 5 6 7 8 10 11 12 13 14 15 16 | 16.5
Armour         | 1 2 3 4 6 7 8 9 10 11 12 13 14 15 | 15.0
Axes           | 5 6 7 9 11 12 14 | 14.6
Invocations    | 3 6 8 10 11 13 14 15 16 | 16.2
Maces & Flails | 5 9 11 13 15 16 17 | 17.4
Dodging        | 3 5 |  5.0
Stealth        | |  1.5

Action                   |  1- 3 |  4- 6 |  7- 9 | 10-12 | 13-15 | 16-18 || total
-------------------------+-------+-------+-------+-------+-------+-------++-------
Melee: Hand axe          |   113 |   203 |   149 |   311 |       |       ||   776
       War axe           |       |       |   189 |   151 |       |       ||   340
       Great mace        |       |       |       |   301 |   804 |   562 ||  1667
Invok: Upheaval          |       |       |     1 |       |     6 |     6 ||    13
       Elemental Force   |       |       |       |     1 |     2 |     4 ||     7
       Disaster Area     |       |       |       |       |     6 |     4 ||    10
Evoke: Wand              |       |       |     3 |       |       |       ||     3
  Use: Scroll            |     2 |       |    10 |    13 |     9 |    11 ||    45
       Potion            |       |       |     3 |     1 |     4 |     4 ||    12
 Stab: Sleeping          |     2 |       |       |       |       |       ||     2
       Paralysed         |       |       |     7 |     3 |     3 |     6 ||    19
       Confused          |       |       |       |     1 |     3 |     1 ||     5
       Distracted        |       |       |       |       |     1 |     2 ||     3
       Petrified         |       |       |       |       |     5 |     3 ||     8
       Petrifying        |       |       |       |       |     2 |     4 ||     6
  Eat: Chunk             |     8 |     8 |    11 |    35 |    14 |     3 ||    79
       Ration            |     1 |       |       |       |     5 |     7 ||    13
Armor: Leather armour    |    11 |       |       |       |       |       ||    11
       Plate armour      |    58 |   139 |   279 |   582 |   661 |   460 ||  2179
       Skin              |     6 |       |       |       |       |       ||     6
Dodge: Dodged            |    54 |    41 |    83 |   221 |   224 |   177 ||   800
       Deflected         |       |       |       |     8 |    14 |    40 ||    62
Block: Other             |       |       |     7 |   149 |   254 |   227 ||   637
